[Event "Bangabandhu Premier Div League 2023-24"]
[Site "Dhaka"]
[Date "2024.02.08"]
[Round "8.2"]
[White "Pranav Vijay"]
[Black "Ahmed, Sheikh Nasir"]
[Result "1-0"]
[ECO "B48"]
[WhiteElo "2252"]
[BlackElo "2182"]
[Annotator "TA"]
[PlyCount "77"]
[EventDate "2024.02.01"]
[EventCountry "BAN"]
[SourceTitle "playchess.com"]
[Source "ChessBase"]
[SourceQuality "1"]
[TimeControl "40/5400+30:1800+30"]

1. e4 c5 2. Nf3 e6 3. d4 cxd4 4. Nxd4 Nc6 5. Nc3 Nf6 6. a3 Qc7 7. Be3 a6 8. Be2 Be7 9. O-O O-O 10. f4 d6 11. Qe1 Nxd4 12. Bxd4 e5 13. Be3 exf4 14. Bxf4 Be6 15. Qg3 Kh8 {[%emt 0:01:00] The position is equal.} (15... Rfe8 {seems wilder.} 16. e5 Nd5 17. exd6 Qc5+) 16. Be3 Nd7 17. Rad1 Ne5 18. Bd4 Rad8 19. Bd3 Rd7 20. Nd5 Bxd5 21. exd5 Qd8 (21... g6 $11 {keeps the balance.}) 22. Bf5 $16 {[%emt 0:00:00] White is much more active. A strong pair of Bishops.} Rc7 23. Bb6 $40 {[%emt 0:00:00][%mdl 128] White has strong attack.} g6 24. Bd3 (24. Bxg6 $2 hxg6 (24... fxg6 25. Rxf8+ Bxf8 26. Re1 $17) 25. b3 Qd7 $19) 24... f5 {[%emt 0:00:00] [#]} 25. c4 $1 Qc8 (25... Bf6 26. c5) 26. Bxc7 Qxc7 27. Kh1 a5 28. b4 Bf6 29. Be2 axb4 30. axb4 h5 (30... b6 $16 {was called for.} 31. Rc1 Kg7) 31. Qe3 Kg7 32. Qa7 Ng4 (32... Nxc4 $16 33. Rc1 Qb6 34. Qxb6 Nxb6) 33. Bxg4 hxg4 34. c5 Be5 35. h3 (35. c6 $18 {and White stays clearly on top.}) 35... Kf6 (35... Rh8 $16) 36. Rd3 $18 (36. hxg4 $2 {too greedy.} Qh7+ 37. Kg1 Qh2+ 38. Kf2 Re8 $19) 36... Rh8 37. cxd6 (37. c6 $1 $18) 37... Bxd6 $2 {[%emt 0:00:00][%mdl 8192] [#]} (37... Qc4 $16 38. Qxb7 Bxd6) 38. Qd4+ Be5 39. Qxg4 {[%emt 0:04:00] Weighted Error Value: White=0.19 (very precise) /Black=0.36.  Loses game:     	---       	Black=1      Mistake:       	White=2     	Black=4      OK:         	White=11    	Black=5      Best:        	White=3     	Black=2} 1-0

[Event "Bangabandhu Premier Div League 2023-24"]
[Site "Dhaka"]
[Date "2024.02.08"]
[Round "8.2"]
[White "Alekhya Mukhopadhyay"]
[Black "Mohammad Nubairshah Shaikh"]
[Result "0-1"]
[ECO "B06"]
[WhiteElo "2184"]
[BlackElo "2428"]
[Annotator "TA"]
[PlyCount "94"]
[EventDate "2024.02.01"]
[EventCountry "BAN"]
[SourceTitle "playchess.com"]
[Source "ChessBase"]
[SourceQuality "1"]
[TimeControl "40/5400+30:1800+30"]

1. e4 g6 2. d4 Bg7 3. Nc3 c6 4. f4 d6 5. e5 Nh6 6. Nf3 Bg4 7. Ne4 Nf5 8. c3 {[%emt 0:02:36] The position is equal.} (8. Be2 {simplifies} dxe5 9. dxe5 Qxd1+ 10. Bxd1 Na6 11. Bd2) 8... Nh4 9. Be2 (9. Be3 $11) 9... Nxg2+ $15 10. Kf2 Bxf3 11. Bxf3 Nh4 12. Bg4 d5 13. Qb3 $2 dxe4 $19 14. Qxb7 {[%emt 0:03:58] [#]} O-O $1 15. a4 {[%emt 0:14:21] [#]} (15. Be3 Qb6) 15... e6 $1 16. a5 (16. Rf1 Qd7) 16... h5 17. Be2 Nd7 18. Qxc6 Nf5 {[%emt 0:00:11][%cal Oe4e3] And now ...e3+! would win.} 19. Qxe4 f6 20. Kg2 Kh7 21. Rg1 Rc8 {[%emt 0:01:31] Prevents Bc4} 22. Kh1 Bh6 23. Ra4 Qe7 24. Bc4 (24. Ba6 $17 Rc7 25. Bd3) 24... fxe5 25. fxe5 Bxc1 26. Rxc1 Nh6 27. Be2 {[%emt 0:01:04] Dodges Ng4} Rf2 28. Rg1 {[%emt 0:00:51] Prevents Ng4} Nf5 {Hoping for ...Qh4.} 29. Rb4 Rc7 30. Bd3 Qf7 (30... Qh4 31. Qxh4 Nxh4 32. Rf1 Rxf1+ 33. Bxf1) 31. Rg2 Ne7 32. Rb3 ({White should play} 32. Rxf2 Qxf2 33. Qe2) 32... Rf3 33. c4 (33. Qe2 $17) 33... Kh6 34. Qh4 (34. a6 $142 Nb6 35. Qe2) 34... Kg7 {[%emt 0:00:43] ...Rf4 is the strong threat.} 35. Qg5 (35. Rg1 {is the only way for White.}) 35... Nf8 (35... Rf4 36. d5 Nc5 (36... exd5 37. e6 $11) 37. d6) 36. Rg1 Qf4 {[%emt 0:00:50] Threatens to win with ...Qxg5.} 37. Qxh5 $2 (37. a6 Qxg5 (37... Qxd4 38. Bxg6 Nfxg6 39. Rxf3 $11) 38. Rxg5) 37... Rf2 ({Weaker is} 37... Rd7 38. Bxg6 Rf1 (38... Rxb3 $2 {too greedy.} 39. Bf7+ $18) 39. Bc2+ Rxg1+ 40. Kxg1 $19) 38. Qh3 Qxd4 39. Qg3 (39. Rg4 $142 Qxe5 (39... Rf4 $2 40. Rxf4 Qxf4 41. a6 $19) 40. Rg2 Rxg2 41. Qxg2) 39... Nf5 40. Bxf5 exf5 41. Re3 {[%emt 0:30:33] Prevents Qe4+} Qxb2 {[%emt 0:02:42] ( -> ...Qb7+)} 42. Rd3 Qb7+ (42... f4 $142 43. Qh4 Rf7 (43... Rxc4 44. Qe7+ Kg8 45. Rxg6+ Nxg6 46. Rd8+)) 43. Rd5 Rxc4 44. Rgd1 Rf1+ 45. Rxf1 Qxd5+ 46. Rf3 Ne6 47. Kg1 Rg4 {[%emt 0:00:03] Weighted Error Value: White=0.80/Black=0.49.  Loses game:     	White=1     	---        Mistake:       	White=8     	---        Inaccurate:     	---       	Black=3      OK:         	White=14    	Black=13     Best:        	White=2     	Black=5} 0-1

[Event "Bangabandhu Premier Div League 2023-24"]
[Site "Dhaka"]
[Date "2024.02.08"]
[Round "8.3"]
[White "Mayank Chakraborty"]
[Black "Hasan Md, Emam"]
[Result "1-0"]
[ECO "A85"]
[WhiteElo "2409"]
[BlackElo "2053"]
[Annotator "TA"]
[PlyCount "87"]
[EventDate "2024.02.01"]
[EventCountry "BAN"]
[SourceTitle "playchess.com"]
[Source "ChessBase"]
[SourceQuality "1"]
[TimeControl "40/5400+30:1800+30"]

1. d4 d5 2. c4 e6 3. Nc3 f5 4. Nf3 c6 5. e3 Nf6 6. Bd3 Bd6 7. b3 O-O 8. Bb2 Ne4 9. O-O Nd7 10. Ne2 Qe7 11. Qc2 Rf6 12. Ne5 {[%emt 0:03:56] White is slightly better.} Rh6 13. Bxe4 fxe4 14. f4 {[%emt 0:06:20][%cal Bf2f4,Bf4e5][%mdl 32] Dodges Qg5} (14. f3 {is interesting.} exf3 15. Rxf3 b6 16. Raf1) 14... Bxe5 (14... exf3 $11 {remains equal.} 15. Rxf3 b5) 15. fxe5 Nf8 (15... b6 $14) 16. Nf4 Qh4 {[%emt 0:01:19] [#]} (16... b6 $16) 17. Nh3 {[%emt 0:03:27] Active counter play!} (17. g3 $1 $18 {[%cal Rg3h4] and White stays clearly on top.} Qg4 18. Ba3) 17... Bd7 $16 18. Rf4 Qh5 {[%emt 0:02:39] [#] White stays focused until the end.} ({Black should try} 18... Qd8 $14) 19. Raf1 $1 $18 {[%emt 0:03:18] And now Ba3 would win. Black is weak on the dark squares} g5 $2 {[%emt 0:06:53] [#]} (19... Ng6) 20. Rf7 $1 Qxf7 21. Rxf7 Kxf7 22. Qf2+ Kg8 23. Nxg5 {[%emt 0:00:07] White wants to mate with Ba3.} Be8 24. Ba3 Nd7 25. cxd5 cxd5 26. Qc2 {[%emt 0:00:52] Prevents Rc8.} Rg6 27. Nh3 Rg7 28. Nf4 Bf7 29. Qc7 Nf8 30. Qxb7 Re8 31. Qxa7 Ng6 32. Nh5 Nh4 33. Nxg7 Kxg7 34. Qb7 Nf5 35. Kf2 Kg6 36. Bc5 Rg8 37. a4 Rg7 38. a5 Be8 39. Qb6 Bd7 40. a6 Rf7 41. Ke2 Nh6 42. a7 {[%emt 0:00:10] White mates.} Ng4 43. a8=Q Rf2+ 44. Ke1 {[%emt 0:00:06] Weighted Error Value: White=0.09 (flawless) /Black=0.52.  Mistake:       	White=1     	Black=5      Inaccurate:     	---       	Black=1      OK:         	White=9     	Black=6      Best:        	---       	Black=1      Strong:       	White=1     	---        Brilliant:      	White=1     	---} 1-0

[Event "Bangabandhu Premier Div League 2023-24"]
[Site "Dhaka"]
[Date "2024.02.08"]
[Round "8.4"]
[White "Narayanan, Srinath"]
[Black "Manon, Reja Neer"]
[Result "1/2-1/2"]
[ECO "D30"]
[WhiteElo "2552"]
[BlackElo "2169"]
[Annotator "TA"]
[PlyCount "43"]
[EventDate "2024.02.01"]
[EventCountry "BAN"]
[SourceTitle "playchess.com"]
[Source "ChessBase"]
[SourceQuality "1"]
[TimeControl "40/5400+30:1800+30"]

1. d4 Nf6 2. c4 c6 3. Nf3 d5 4. e3 e6 5. b3 Nbd7 6. Bb2 Ne4 7. Nfd2 f5 8. Nxe4 fxe4 9. g3 h5 10. h4 g5 11. hxg5 Qxg5 12. Nd2 (12. Nc3 $11) 12... Bd6 13. Qe2 Nf6 14. O-O-O Bd7 15. Rg1 Ng4 {[%emt 0:00:30] Hoping for ...0-0.} 16. Re1 {[%emt 0:00:30] [#]} (16. Bg2 $17) 16... Rf8 (16... O-O $1 $19 {has better winning chances.} 17. f3 exf3 18. Nxf3 Rxf3 19. Qxf3 Rf8) 17. f3 exf3 18. Nxf3 Qf5 19. Nd2 Qg5 20. Nf3 Qf5 21. Nd2 Qg5 22. Nf3 {[%emt 0:01:30] Weighted Error Value: White=0.20 (precise) /Black=0.36.  Mistake:       	White=2     	Black=1      Inaccurate:     	White=1     	Black=1      OK:         	White=2     	Black=4      Best:        	White=2     	Black=1} 1/2-1/2

[Event "Bangabandhu Premier Div League 2023-24"]
[Site "Dhaka"]
[Date "2024.02.08"]
[Round "8.4"]
[White "Ankit Ray"]
[Black "Subrota, Biswas"]
[Result "1/2-1/2"]
[ECO "E04"]
[WhiteElo "1912"]
[BlackElo "2223"]
[Annotator "TA"]
[PlyCount "122"]
[EventDate "2024.02.01"]
[EventCountry "BAN"]
[SourceTitle "playchess.com"]
[Source "ChessBase"]
[SourceQuality "1"]
[TimeControl "40/5400+30:1800+30"]

1. Nf3 Nf6 2. g3 d5 3. Bg2 c5 4. O-O Nc6 5. d4 e6 6. c4 dxc4 7. dxc5 Qxd1 8. Rxd1 Bxc5 9. Nbd2 c3 10. bxc3 O-O 11. Nb3 Be7 12. c4 Bd7 13. Bb2 Rfc8 14. c5 Be8 15. Ne5 {[%emt 0:16:59] Wards off Nd7. The position is equal.} Nxe5 16. Bxe5 Bc6 17. Bxc6 Rxc6 18. Bxf6 Bxf6 19. Rab1 Rc7 20. Rdc1 g5 21. Rc4 Rac8 22. Rb4 Be7 23. e3 Kg7 24. Rb5 {[%emt 0:00:00] [#]} (24. Kg2 $11 {remains equal.}) 24... Rd7 ({Black should play} 24... a6 $1 $17 25. Rb6 Bxc5 26. Nxc5 Rxc5) 25. Rb2 h5 26. h3 Kg6 27. Kg2 Bd8 28. Nd4 b6 29. cxb6 Bxb6 30. h4 gxh4 31. Nf3 {[%emt 0:00:00] [#] Strongly threatening Ne5+.} Kh6 32. Nxh4 Rc4 33. Nf3 f6 {[%emt 0:00:03] Against Ne5} 34. R5b4 Rdc7 35. Rxc4 Rxc4 $11 {[%emt 0:00:06][%mdl 4096] Endgame. KRB-KRN} 36. Kf1 e5 37. Ke2 Rc1 38. Nd2 Kg6 39. Nb3 Rc4 40. Nd2 Rc3 41. Ne4 Ra3 42. Nd6 Rc3 43. Ne4 Rc4 44. Nd2 Ra4 45. Rc2 Rb4 46. Nc4 Bd8 47. Kd3 Rb1 48. Rb2 Rd1+ 49. Rd2 Rc1 50. Rc2 Ra1 51. Ke4 Be7 52. Kd5 Rd1+ 53. Ke4 Bb4 54. Kf3 Ra1 55. Ke4 Rg1 56. Kf3 Re1 57. Rb2 Bf8 ({Better is} 57... Bc3 $11 58. Rb7 a5) 58. Rb8 Bc5 {[%emt 0:00:00] White is better.} 59. Rc8 Bb4 60. a3 Bc3 61. Rc7 a5 {[%emt 0:00:00] Weighted Error Value: White=0.07 (flawless) /Black=0.08 (flawless) .  Mistake:       	White=1     	Black=2      Inaccurate:     	White=3     	Black=2      OK:         	White=18    	Black=18} 1/2-1/2

[Event "Bangabandhu Premier Div League 2023-24"]
[Site "Dhaka"]
[Date "2024.02.08"]
[Round "8.5"]
[White "Mohammad Fahad, Rahman"]
[Black "Majumder, Ahmed Hossain"]
[Result "1-0"]
[ECO "D38"]
[WhiteElo "2418"]
[BlackElo "1934"]
[Annotator "RC"]
[PlyCount "43"]
[EventDate "2024.02.01"]
[EventCountry "BAN"]
[SourceTitle "playchess.com"]
[Source "ChessBase"]
[SourceQuality "1"]
[TimeControl "40/5400+30:1800+30"]

1. d4 Nf6 2. c4 e6 3. Nf3 d5 4. Nc3 Bb4 5. Qa4+ Nc6 6. e3 O-O 7. Bd2 Bd7 8. Qc2 h6 9. Rd1 Re8 10. a3 Bxc3 11. Bxc3 Ne4 12. Bd3 Nxc3 13. Qxc3 Qe7 14. O-O a5 15. Rfe1 dxc4 16. Bxc4 a4 17. e4 Na5 18. Ba2 Bb5 19. h3 Ra6 20. d5 e5 21. d6 cxd6 22. Rd5 1-0

[Event "Bangabandhu Premier Div League 2023-24"]
[Site "Dhaka"]
[Date "2024.02.08"]
[Round "8.5"]
[White "Sanket Chakravarty"]
[Black "Nasim Hossain, Bhuiyan"]
[Result "1-0"]
[ECO "C02"]
[WhiteElo "2361"]
[BlackElo "1812"]
[Annotator "RC"]
[PlyCount "45"]
[EventDate "2024.02.01"]
[EventCountry "BAN"]
[SourceTitle "playchess.com"]
[Source "ChessBase"]
[SourceQuality "1"]
[TimeControl "40/5400+30:1800+30"]

1. e4 c5 2. c3 e6 3. d4 d5 4. e5 Nc6 5. Nf3 cxd4 6. cxd4 Qb6 7. Nc3 Bb4 8. Bd3 Bd7 9. Be3 Nge7 10. O-O Bxc3 11. bxc3 Na5 12. h4 h6 13. h5 Nf5 14. Bf4 Nc4 15. Rb1 Qc7 16. Bxf5 exf5 17. e6 Qxf4 18. exd7+ Kxd7 19. Rb3 b5 20. Rxb5 Ke8 21. Rb7 Kf8 22. Qa4 Nd6 23. Qd7 1-0

[Event "Bangabandhu Premier Div League 2023-24"]
[Site "Dhaka"]
[Date "2024.02.08"]
[Round "8.6"]
[White "Rathanvel, V S"]
[Black "Puranik, Abhimanyu"]
[Result "0-1"]
[ECO "C70"]
[WhiteElo "2474"]
[BlackElo "2645"]
[Annotator "TA"]
[PlyCount "104"]
[EventDate "2024.02.01"]
[EventCountry "BAN"]
[SourceTitle "playchess.com"]
[Source "ChessBase"]
[SourceQuality "1"]
[TimeControl "40/5400+30:1800+30"]

1. e4 e5 2. Nf3 Nc6 3. Bb5 a6 4. Ba4 Nge7 5. Nc3 d6 6. O-O Bd7 7. Re1 Ng6 8. Nd5 {[%emt 0:05:02] White is slightly better.} b5 9. Bb3 Na5 $1 10. c3 c6 {[%emt 0:02:26][%cal Oa5b3] [#] And now ...Nxb3! would win.} 11. Ne3 Nxb3 12. axb3 Be7 13. Nf5 O-O 14. d4 Re8 15. Nxe7+ Qxe7 16. dxe5 dxe5 17. h3 Red8 18. Qc2 h6 19. Be3 Qf6 20. Nh2 Be6 21. Red1 a5 22. Rxd8+ Qxd8 23. f3 h5 24. Nf1 Nf4 25. Ng3 Qg5 26. Bxf4 exf4 27. Nf5 h4 28. Qf2 Bxf5 29. exf5 Qxf5 $11 {[%emt 0:04:36][%mdl 4096] Endgame. KQR-KQR} 30. b4 a4 31. Qxh4 Qc2 32. Qf2 Qxf2+ 33. Kxf2 $15 {[%emt 0:00:45] KR-KR} Rd8 34. Ke2 {[%emt 0:02:01] Prevents Rd2+} Kh7 35. b3 {[%emt 0:00:31] Black continues to play with concentration.} axb3 $19 36. Ra3 Re8+ 37. Kd1 (37. Kd2 $17 {is a better defense.}) 37... Kg6 (37... b2 38. Rb3 $15) 38. Rxb3 Kg5 39. Ra3 Re7 40. Ra6 {[#]} Kh4 $1 41. Rxc6 (41. c4 $142 Rc7 (41... bxc4 42. Rxc6 Rd7+ 43. Ke2 $11) 42. cxb5 cxb5 43. Ra5) 41... Kg3 42. c4 Kxg2 43. cxb5 Kxf3 44. b6 Rb7 45. h4 Kg3 {[%emt 0:00:30][%cal Of4f3] Threatens to win with ...f3!} 46. Rc7 (46. Ke1 $142 f3 (46... Kxh4 47. Kf2 $11) 47. Rc5) 46... Rxb6 {[%emt 0:00:00] White must now prevent ...f3.} 47. Rxf7 g6 (47... Rxb4 48. h5 $11 (48. Rxg7+ Kf2 $11)) 48. Ke2 Re6+ (48... Rxb4 49. Rf6 Rb2+ (49... Kxh4 50. Rxg6 Rb3 51. Rg7 $11) 50. Ke1 $19) 49. Kf1 f3 {[%emt 0:00:00] Black mates.} (49... Kxh4 50. Rxf4+ Kg5 51. Rc4 $11) 50. b5 Rd6 (50... Kxh4 51. Rxf3 Rb6 52. Rb3 $11) 51. Ke1 Kg2 ({Weaker is} 51... Kxh4 52. Rxf3 Kg4 53. Rf2 $14) 52. h5 g5 {[%emt 0:00:00] Weighted Error Value: White=0.55/Black=0.03 (flawless) .  Mistake:       	White=4     	---        Inaccurate:     	White=2     	Black=1      OK:         	White=14    	Black=18     Best:        	White=3     	Black=6      Strong:       	---       	Black=2} ({Inferior is} 52... gxh5 53. Rg7+ Kh3 54. Kf2 $11) 0-1

[Event "Bangabandhu Premier Div League 2023-24"]
[Site "Dhaka"]
[Date "2024.02.08"]
[Round "8.6"]
[White "Mrittika Mallick"]
[Black "Rabby, Salim"]
[Result "1-0"]
[ECO "C54"]
[WhiteElo "1859"]
[BlackElo "1931"]
[Annotator "TA"]
[PlyCount "95"]
[EventDate "2024.02.01"]
[EventCountry "BAN"]
[SourceTitle "playchess.com"]
[Source "ChessBase"]
[SourceQuality "1"]
[TimeControl "40/5400+30:1800+30"]

1. e4 Nc6 2. Nf3 e5 3. Bc4 Bc5 4. d3 Nf6 5. O-O O-O 6. Bg5 h6 7. Bh4 d6 8. c3 Bg4 9. a4 {[%emt 0:01:20] b4 is the strong threat.} a5 10. Nbd2 g5 {[%emt 0:00:23] The position is equal.} 11. Bg3 Nh5 12. Re1 Nxg3 13. hxg3 Qf6 14. Nf1 Ne7 15. N1h2 Bd7 16. d4 exd4 17. cxd4 (17. e5 {is more complex.} dxe5 18. Nxe5 dxc3 19. Nxd7 Qxf2+ 20. Kh1) 17... Bb4 18. Rf1 Rad8 (18... Rfe8 $5) 19. Qd3 (19. Ne1 $11) 19... Ng6 (19... Rfe8 $15) 20. Ne1 $11 c6 21. Nc2 d5 22. exd5 cxd5 23. Bxd5 Bd6 24. Ne3 b6 25. Neg4 (25. Rac1 $16) 25... Bxg4 ({Better is} 25... Qg7 $14) 26. Nxg4 $16 Qg7 {[%emt 0:00:07] Black is weak on the light squares} 27. Qf3 {[%emt 0:01:00] White has more active pieces.} Be7 (27... Kh8 $16) 28. Rad1 $36 {[%emt 0:05:52][%cal Ba1d1,Bd1c1,Bc1c6][%mdl 2080] White is in control.} h5 29. Ne3 g4 30. Qf5 Qh6 31. Rc1 {[%emt 0:02:07] Rc6 would now be deadly.} Qg5 32. Rc6 Kh7 {[%emt 0:02:23] [#] And now ...Qxf5 would win.} 33. Qe4 (33. Rxb6 Qxf5 34. Nxf5 Rxd5 $17) 33... Bf6 {[%emt 0:01:37] Wards off f4} (33... f5 {is a better defense.} 34. Qd3 Kg7) 34. Rc7 Kg8 35. f4 Qh6 (35... gxf3 {was necessary.} 36. Rxf3 Nh8) 36. Rfc1 Nh8 37. R1c6 {[%emt 0:04:01][%cal Oe3f5] [#] Black must now prevent Nf5!} Rde8 38. Qf5 Kg7 39. Qd3 Rxe3 40. Qxe3 Rd8 {[%emt 0:00:01] Repels Rd7} (40... h4 $142 41. Rxb6 hxg3) 41. Qe4 (41. Rc8 $142) 41... h4 42. Rxb6 {[%emt 0:00:00] aiming for Rcc6.} hxg3 43. Rbb7 Qh5 (43... Rf8 $142 44. Kf1 Qh1+ 45. Ke2 Qg1) 44. Bxf7 Qh2+ 45. Kf1 {[%emt 0:00:00] White mates.} Qh1+ 46. Ke2 Kf8 47. Be6 Qh5 48. Rh7 {[%emt 0:00:00] Weighted Error Value: White=0.42/Black=0.49.  Mistake:       	White=3     	Black=7      Inaccurate:     	White=2     	Black=9      OK:         	White=14    	Black=13     Best:        	White=1     	Black=2} 1-0

[Event "Bangabandhu Premier Div League 2023-24"]
[Site "Dhaka"]
[Date "2024.02.08"]
[Round "8.7"]
[White "Ter-Sahakyan, Samvel"]
[Black "Mohammed Abdul, Malek"]
[Result "1-0"]
[ECO "D37"]
[WhiteElo "2649"]
[BlackElo "2047"]
[Annotator "TA"]
[PlyCount "67"]
[EventDate "2024.02.01"]
[EventCountry "BAN"]
[SourceTitle "playchess.com"]
[Source "ChessBase"]
[SourceQuality "1"]
[TimeControl "40/5400+30:1800+30"]

1. d4 d5 2. c4 e6 3. Nc3 Nf6 4. Nf3 a6 5. g3 Nbd7 6. Bg2 dxc4 7. O-O Rb8 8. e4 {[%emt 0:00:30] The position is equal.} Nb6 (8... b5 $11 {keeps the balance.}) 9. a4 $16 {[%emt 0:00:30][%mdl 1024] White has strong compensation.} a5 10. Bf4 Bb4 ({Better is} 10... Nh5) 11. Nb5 Na8 12. Ne5 Bd7 13. Nxc4 {[%emt 0:00:00] White is much more active.} O-O 14. Ne5 $36 {[%emt 0:01:00][%mdl 2048] Keeping Black busy.} Be8 15. g4 Rc8 16. g5 Nd7 {[%emt 0:00:00] [#]} 17. Nd3 Be7 18. h4 Ndb6 {[%emt 0:00:30] [#]} 19. Nc5 $1 Bxc5 (19... Rb8 $16 20. b3 Nc8) 20. dxc5 $18 Qxd1 21. Rfxd1 ({Worse is} 21. Raxd1 Nxa4 22. Na7 Rb8 $11) 21... Nxa4 {[%emt 0:01:30] Black is weak on the dark squares} 22. Rxa4 Bxb5 23. Rxa5 Bc6 24. b4 b6 (24... Rfe8 $142 25. Ra7 (25. b5 b6 $18) 25... Rb8) 25. Ra7 Rfe8 (25... bxc5 {was called for.} 26. bxc5 Rce8) 26. Be5 bxc5 27. bxc5 Rf8 28. Bg3 Rfe8 (28... h6 {is a better defense.} 29. gxh6 gxh6) 29. f3 e5 (29... Red8 $142 30. Rda1 (30. Rxd8+ Rxd8 31. Bf1 Kf8 $18) 30... Rb8) 30. Rb1 Bd7 31. Bf1 f6 32. Ba6 {[%emt 0:00:30] White is clearly winning.} Rcd8 33. Bb7 Be6 34. Rba1 {[%emt 0:00:00] Black did not feel at home in the position after the opening.   Weighted Error Value: White=0.09 (flawless) /Black=0.24 (precise) .  Mistake:       	---       	Black=7      Inaccurate:     	---       	Black=2      OK:         	White=14    	Black=11     Best:        	White=2     	Black=1      Strong:       	White=1     	---} 1-0

[Event "Bangabandhu Premier Div League 2023-24"]
[Site "Dhaka"]
[Date "2024.02.08"]
[Round "8.7"]
[White "Arpan Das"]
[Black "Tanvir, Alam"]
[Result "1-0"]
[ECO "B92"]
[WhiteElo "2367"]
[BlackElo "1836"]
[Annotator "TA"]
[PlyCount "70"]
[EventDate "2024.02.01"]
[EventCountry "BAN"]
[SourceTitle "playchess.com"]
[Source "ChessBase"]
[SourceQuality "1"]
[TimeControl "40/5400+30:1800+30"]

1. e4 c5 2. Nf3 d6 3. d4 cxd4 4. Nxd4 Nf6 5. Nc3 a6 6. Be2 e5 7. Nb3 Be6 8. Be3 Be7 9. Nd5 Bxd5 10. exd5 Nbd7 11. a4 O-O 12. O-O Ne8 13. Qd2 {[%emt 0:01:04] The position is equal.} f5 {[%emt 0:00:15] [#] ...f4 would now be deadly.} 14. f3 a5 (14... f4 $5 15. Bf2 $8 Bh4 $16) 15. Kh1 {[%emt 0:02:25] Black is weak on the light squares} Qc7 16. Bb5 Nef6 17. Rac1 b6 18. Rce1 Rfc8 (18... Rac8 $14) 19. c3 $16 {[%emt 0:01:19] White is more active. Black is now going downhill.} Nc5 20. Na1 Bf8 21. Bc6 Ra7 22. Nc2 Qf7 23. Na3 Qh5 (23... f4 $16 {keeps fighting.}) 24. Nc4 f4 25. Bg1 (25. Nxb6 $2 {loses.} fxe3 26. Qe2 Rb8 $19) 25... Rb8 26. b4 Ncd7 (26... axb4 27. cxb4 Nxa4) 27. bxa5 $18 g5 (27... Rxa5 $142 28. Nxa5 bxa5) 28. axb6 Ra6 29. Qd3 g4 30. fxg4 Qxg4 {[%emt 0:00:51] [#]} 31. Ne3 $1 fxe3 32. Qxa6 Bh6 33. Bxe3 Bxe3 34. Re2 $2 ({White should try} 34. Rxe3 $18 Nh5 35. Bxd7 Qxd7 36. a5) 34... Bf2 $2 35. Rexf2 Qh4 {[%emt 0:00:58] Weighted Error Value: White=0.53/Black=0.37.  Mistake:       	---       	Black=4      Inaccurate:     	---       	Black=4      OK:         	White=8     	Black=7      Best:        	White=1     	---} 1-0

[Event "Bangabandhu Premier Div League 2023-24"]
[Site "Dhaka"]
[Date "2024.02.08"]
[Round "8.8"]
[White "Harikrishnan.A.Ra"]
[Black "Rahman, Ziaur"]
[Result "1/2-1/2"]
[ECO "A11"]
[WhiteElo "2454"]
[BlackElo "2428"]
[Annotator "TA"]
[PlyCount "74"]
[EventDate "2024.02.01"]
[EventCountry "BAN"]
[SourceTitle "playchess.com"]
[Source "ChessBase"]
[SourceQuality "1"]
[TimeControl "40/5400+30:1800+30"]

1. Nf3 d5 2. g3 c6 3. Bg2 Bf5 4. O-O e6 5. c4 Nf6 6. Qb3 Qb6 7. d3 Nbd7 8. cxd5 Qxb3 9. axb3 {[%emt 0:00:00] Black must now prevent dxc6. White has an edge.} exd5 10. Bd2 Bc5 11. b4 Bb6 {[%emt 0:02:00] [#]} 12. b5 $1 O-O 13. bxc6 bxc6 14. h3 h6 15. g4 Bg6 16. Rc1 Rfe8 17. Bf1 ({Much weaker is} 17. Rxc6 Rxe2 18. d4 Be4 $11) 17... Rac8 18. Nc3 Nc5 19. Ra3 {[%emt 0:00:00] Prevents Nb3.} d4 {[%emt 0:02:00] [#]} 20. Na4 ({But not} 20. Nxd4 $6 Nxd3 21. exd3 Bxd4 $11) 20... Nxa4 21. Rxa4 c5 22. Rac4 Rcd8 23. b4 cxb4 24. Bxb4 h5 25. g5 Nd5 26. Bc5 (26. Nxd4 $2 {is the wrong capture.} Nxb4 27. Nf3 a5 $19) 26... Bxc5 27. Rxc5 Nf4 {[%emt 0:00:00] [#]} 28. R1c2 h4 29. R5c4 (29. Nxh4 $16 Kh7 30. Rc7) 29... Ne6 $14 30. Nxh4 Rd5 31. Nxg6 Rxg5+ 32. Bg2 {[%emt 0:00:00] Rc8 is the strong threat.} Rxg6 33. Rc8 {[%emt 0:01:30] The position is equal.} Rxc8 34. Rxc8+ Kh7 35. e3 {[%emt 0:00:00] Dodges Nf4} Rg5 36. Re8 Ra5 37. Re7 Kg6 {[%emt 0:00:00] Weighted Error Value: White=0.08 (flawless) /Black=0.05 (flawless) .  Mistake:       	White=1     	Black=1      Inaccurate:     	White=2     	---        OK:         	White=15    	Black=15     Best:        	---       	Black=5} 1/2-1/2